 Dungeon Sprint DCSS version 0.27.0-1-g7a089689b8 (webtiles) character file.

Game seed: 2373327791207866859

812 Groucho the Unseen (level 7, -1/34 HPs)
             Began as a Felid Berserker on Aug 2, 2021.
             Was a Priest of Trog.
             Slain by a centaur warrior (5 damage)
             ... in the Dungeon (Sprint I: "Red Sonja").
             The game lasted 00:01:50 (840 turns).

Groucho the Unseen (Felid Berserker)                 Turns: 840, Time: 00:01:50

Health: -1/34      AC:  2    Str: 13    XL:     7   Next: 61%
Magic:  8/8        EV: 21    Int:  9    God:    Trog [***...]
Gold:   317        SH:  0    Dex: 17    Spells: 6/6 levels left
                                        Lives:  0   Deaths: 2

rFire    . . .     SeeInvis +     - Unarmed
rCold    . . .     Faith    .   (shield unavailable)
rNeg     . . .     Spirit   .   (armour unavailable)
rPois    .         Reflect  .   (helmet unavailable)
rElec    .         Harm     .   (cloak unavailable)
rCorr    .         Rampage  .   (gloves unavailable)
Will     +....     NoTele   +   (boots unavailable)
Stlth    ++++++++..             (no amulet)
HPRegen  0.11/turn              (no ring)
MPRegen  0.11/turn              (no ring)

@: on berserk cooldown, slowed, slow
A: very small, claws 1, fangs 3, see invisible, speed 1, shaggy fur 2, stealthy
paws, no weapons or thrown items, no armour, multi-lived
a: Renounce Religion, Berserk, Trog's Hand


You were in the Dungeon.
You worshipped Trog.
Trog was most pleased with you.
You visited 1 branch You collected 317 gold pieces.

Inventory:

Potions
 c - a potion of haste
 d - 2 potions of magic


   Skills:
 + Level 5.6 Fighting
 + Level 7.5 Dodging
 + Level 20.6 Stealth
 + Level 5.6 Unarmed Combat


You had 6 spell levels left.
You didn't know any spells.
Your spell library was empty.

Dungeon Overview and Level Annotations

Branches:
Dungeon (1/1)

Altars:
Cheibriados
Dithmenos
Elyvilon
Fedhas
Gozag
Hepliaklqana
Kikubaaqudgha
Makhleb
Nemelex Xobeh
Okawaru
Qazlal
Ru
Sif Muna
Trog
Uskayaw
Vehumet
Wu Jian
Xom
Yredelemnul
Zin
The Shining One
Jiyva
Lugonu

Shops:
D *


Innate Abilities, Weirdness & Mutations

You have sharp claws.
You have razor-sharp teeth.
You have supernaturally acute eyesight. (SInv)
You cover ground quickly. (Speed+)
You are covered in thick fur. (AC +2)
Your paws help you pounce on unaware monsters.
You are incapable of wielding weapons or throwing items.
You cannot wear armour.
You gain extra lives every three experience levels.


Message History

The centaur warrior completely misses you.
The centaur warrior barely misses you.
Unknown command.
You claw the centaur warrior! You bite the centaur warrior.
The centaur warrior is almost dead.
The centaur warrior completely misses you.
The centaur warrior barely misses you.
You claw the centaur warrior!
You kill the centaur warrior!
Trog accepts your kill.
Your Fighting skill gained 2 levels and is now at level 5!
Your Dodging skill gained 3 levels and is now at level 7!
Your Stealth skill increases to level 20!
Your Unarmed Combat skill gained 2 levels and is now at level 5!
Welcome back to level 6!
Welcome back to level 7!
Unknown command.
Unknown command.
Unknown command.
Unknown command.
You start resting.
You feel a strong urge to attack something.
You start resting.
You feel your anger nearly subside.
You are no longer berserk.
You are exhausted.
You feel yourself slow down.
You start resting.
A centaur warrior is nearby!
A centaur warrior is nearby!
A centaur warrior is nearby!
You scratch the centaur warrior but do no damage.
The centaur warrior completely misses you.
The centaur warrior kicks you.
* * * LOW HITPOINT WARNING * * *
The centaur warrior barely misses you.
The centaur warrior completely misses you.
You feel better. The centaur warrior hits you.
* * * LOW HITPOINT WARNING * * *
The centaur warrior completely misses you.
The centaur warrior hits you.
You die...

###################
#<.#..'..#.)c..#__#
#.)'..#.)'.@#).'..+
#..#####+#####'#__####
#..####..#...#.####§[#
#..#__####..##§#≈§≈§§#
#..#_____##'#_cc≈§§§c+
#⌠⌠#_.∩..÷'...§#§§≈§c#
####_..__##_.#+##+####
#_____###+# #######


You could see a centaur warrior.

Vanquished Creatures
  A centaur warrior (D)
  A slime creature (D)
  Sigmund (D)
  A yak (D)
  An ogre (D)
  A jelly (D)
  Ijyb (D)
7 creatures vanquished.

Notes
Turn   | Place    | Note
-------+----------+-------------------------------------------
     0 | D        | Groucho the Felid Berserker began the quest for the Orb.
     0 | D        | Reached XP level 1. HP: 10/10 MP: 2/2
     2 | D        | Noticed Ijyb
    13 | D        | Killed Ijyb
    14 | D        | Reached skill level 8 in Stealth
    14 | D        | Reached XP level 2. HP: 14/14 MP: 3/3
   357 | D        | Noticed an ogre
   359 | D        | Killed an ogre
   360 | D        | Reached skill level 12 in Stealth
   360 | D        | Reached XP level 3. HP: 17/17 MP: 4/4
   360 | D        | Reached XP level 4. HP: 21/21 MP: 5/5
   374 | D        | Noticed Sigmund
   376 | D        | Killed Sigmund
   376 | D        | Reached ** piety under Trog
   377 | D        | Reached skill level 16 in Stealth
   377 | D        | Reached XP level 5. HP: 24/24 MP: 6/6
   393 | D        | Found an ornate altar of the Wu Jian Council.
   393 | D        | Found a shimmering blue altar of Sif Muna.
   395 | D        | Found a radiant altar of Vehumet.
   400 | D        | Gained mutation: You are covered in thick fur. (AC +2)
                  | [Felid growth]
   400 | D        | Reached XP level 6. HP: 28/28 MP: 7/7
   401 | D        | Found Qefafey's Assorted Antiques.
   401 | D        | Found an ancient bone altar of Kikubaaqudgha.
   401 | D        | Found a hazy altar of Hepliaklqana.
   401 | D        | Found a stormy altar of Qazlal.
   401 | D        | Found a hide-covered altar of Uskayaw.
   401 | D        | Found a blossoming altar of Fedhas.
   401 | D        | Found a bloodstained altar of Trog.
   401 | D        | Found an iron altar of Okawaru.
   401 | D        | Found a basalt altar of Yredelemnul.
   401 | D        | Found a glowing golden altar of the Shining One.
   401 | D        | Found a snail-covered altar of Cheibriados.
   401 | D        | Found a sacrificial altar of Ru.
   401 | D        | Found a glowing silver altar of Zin.
   401 | D        | Found a shadowy altar of Dithmenos.
   401 | D        | Found a white marble altar of Elyvilon.
   401 | D        | Noticed a yak
   402 | D        | Found an opulent altar of Gozag.
   403 | D        | Killed a yak
   404 | D        | Reached skill level 18 in Stealth
   404 | D        | Found a sparkling altar of Nemelex Xobeh.
   440 | D        | Found a burning altar of Makhleb.
   440 | D        | Found a shimmering altar of Xom.
   440 | D        | Noticed a slime creature
   441 | D        | Found a viscous altar of Jiyva.
   441 | D        | Found a corrupted altar of Lugonu.
   451 | D        | Killed a slime creature
   451 | D        | Reached *** piety under Trog
   452 | D        | Reached skill level 19 in Stealth
   452 | D        | Reached XP level 7. HP: 20/31 MP: 8/8
   802 | D        | Noticed a centaur warrior
   802 | D        | Noticed a centaur warrior
   805 | D        | Mangled by a centaur warrior
   806 | D        | Reached XP level 6. HP: -8/42 MP: 7/7
   814 | D        | Slain by a centaur warrior
   815 | D        | Reached XP level 5. HP: -3/36 MP: 6/6
   826 | D        | Killed a centaur warrior
   827 | D        | Reached skill level 5 in Fighting
   827 | D        | Reached skill level 20 in Stealth
   827 | D        | Reached skill level 5 in Unarmed Combat
   827 | D        | Reached XP level 6. HP: 4/31 MP: 7/7
   827 | D        | Reached XP level 7. HP: 5/34 MP: 8/8
   840 | D        | Slain by a centaur warrior

Illustrated notes

Levels and vault maps discovered:
D:        dungeon_sprint_1 [red_sonja_temple_1, red_sonja_temple_small_1]

Skill      XL: |  1  2  3  4  5  6 |
---------------+-------------------+-----
Stealth        | 8 12 16 20 19 | 20.6
Fighting       | 5 |  5.6
Dodging        | 7 |  7.5
Unarmed Combat | 5 |  5.6

Action                   |  1- 3 |  4- 6 |  7- 9 || total
-------------------------+-------+-------+-------++-------
Melee: Unarmed           |     7 |    18 |     1 ||    26
       Bite              |       |     3 |       ||     3
Invok: Berserk           |     1 |     3 |       ||     4
       Trog's Hand       |       |       |     1 ||     1
  Use: Potion            |       |       |     3 ||     3
       Scroll            |       |       |     1 ||     1
 Stab: Sleeping          |     1 |     3 |       ||     4
Armor: Skin              |       |     1 |     3 ||     4
Dodge: Dodged            |     3 |    15 |    13 ||    31
